Map: Catalyst LE

Players

Neeb

  • Race: Protoss Protoss
  • Spawn Location: 11:00

Scarlett - Winner!

  • Race: Zerg Zerg
  • Spawn Location: 5:00

Event: 2018 Hangzhou StarCraft Carnival

VOD

Have the link to the VOD?

Description

Time

  • Played on: April 29, 2018, 1:57 a.m.
  • Length: 5:30

All games in this series

Show
View Real Time Build Order
Export as new Build Order

Neeb Protoss 

Build Orders:  

Get SALT Encoding   

  1  0:00  Probe  
  12  0:05  Probe  
  14  0:17  Pylon  
  14  0:21  Probe  
  15  0:35  Probe  
  16  0:38  Forge  
  16  0:47  Probe  
  17  0:54  Pylon  
  17  0:59  Probe  
  18  1:12  Photon Cannon  
  18  1:17  Photon Cannon  
  18  1:20  Assimilator  
  18  1:23  Probe  
  19  1:34  Gateway  
  19  1:38  Probe  
  20  1:42  Assimilator  
  20  1:51  Probe  
  22  2:13  Nexus  
  21  2:23  Cybernetics Core  
  21  2:31  Zealot  
  23  2:40  Probe  
  23  2:42  Assimilator  
  24  2:50  Stalker  
  24  2:52  Probe  
  24  2:53  Pylon  
  27  3:10  Robotics Facility  
  27  3:13  Stalker  
  27  3:26  Probe  
  29  3:27  Probe  
  29  3:31  Warp Gate  
  31  3:34  Probe  
  31  3:39  Probe  
  31  3:40  Pylon  
  33  3:46  Probe  
  33  3:47  Immortal  
  35  3:53  Probe  
  35  4:02  Probe  
  40  4:05  Probe  
  40  4:09  Stalker  
  43  4:14  Probe  
  44  4:17  Probe  
  44  4:22  Pylon  
  45  4:27  Pylon  
  45  4:30  Immortal  
  45  4:40  Shield Battery  
  45  4:44  Stalker  
  44  4:58  Probe x2  
Show
View Real Time Build Order
Export as new Build Order

Scarlett Zerg - Winner!

Build Orders: Hatch First 

Get SALT Encoding   

  12  0:00  Drone  
  13  0:12  Overlord  
  13  0:17  Drone  
  14  0:30  Drone x2  
  16  0:47  Hatchery  
  15  0:51  Drone  
  15  0:54  Drone  
  17  1:05  Extractor  
  17  1:10  Spawning Pool  
  15  1:14  Drone  
  15  1:18  Drone  
  17  1:20  Drone  
  18  1:35  Drone  
  20  1:46  Hatchery  
  19  2:08  Roach Warren  
  18  2:12  Hatchery  
  17  2:15  Queen  
  17  2:19  Drone  
  20  2:23  Drone  
  20  2:29  Overlord  
  21  2:37  Metabolic Boost  
  21  2:50  Roach x2  
  25  2:57  Roach  
  27  3:05  Drone, Queen  
  28  3:11  Ravager  
  31  3:15  Drone x2  
  33  3:23  Drone x2  
  33  3:26  Drone  
  33  3:27  Drone  
  37  3:38  Overlord  
  37  3:43  Roach x2  
  37  3:47  Overlord  
  41  3:53  Overlord  
  41  3:58  Roach  
  41  4:00  Overlord  
  41  4:02  Zergling x2  
  44  4:07  Ravager  
  44  4:08  Zergling x4  
  47  4:12  Zergling x4  
  49  4:26  Zergling x10  
  55  4:31  Ravager  
  55  4:32  Zergling x6  
  58  4:42  Zergling x2  
  58  4:43  Zergling x2  
  59  4:51  Zergling x4  
  51  5:04  Drone x2  
  52  5:12  Drone x2  
  45  5:26  Hatchery  
Tags
 
Add a new tag
Caveats
  • Supply blocks, unpowered buildings, or Contaminate may cause inaccurate times.
  • Supply counts are checked every 10 seconds.